 Dungeon Crawl Stone Soup version 0.30-a0-857-gcaf70739d4 (webtiles) character file.

Game seed: 5771765905922444609

1750 bmack86 the Cleaver (level 8, -3/71 HPs)
             Began as a Minotaur Fighter on Mar 5, 2023.
             Was a Follower of Okawaru.
             Slain by Maggie
             ... wielding a +0 broad axe
              (5 damage)
             ... on level 7 of the Dungeon.
             The game lasted 00:14:14 (5555 turns).

bmack86 the Cleaver (Minotaur Fighter)              Turns: 5555, Time: 00:14:15

Health: -3/71      AC: 17    Str: 24    XL:     8   Next: 78%
Magic:  8/8        EV:  6    Int:  5    God:    Okawaru [*.....]
Gold:   599        SH:  5    Dex:  9    Spells: 7/7 levels left

rFire   . . .      SeeInvis .    a - +1 war axe
rCold   + . .      Faith    .    c - +0 buckler
rNeg    . . .      Spirit   .    m - +2 plate armour {rC+}
rPois   .          Reflect  .    (helmet restricted)
rElec   .          Rampage  .    (no cloak)
rCorr   .                        n - +0 pair of gloves
Will    .....                    f - +0 pair of boots Stlth
                                 (no amulet)
HPRegen 0.31/turn                (no ring)
MPRegen 0.11/turn                (no ring)

@: mesmerised
A: horns 2, retaliatory headbutt
a: Renounce Religion, Heroism


You were on level 7 of the Dungeon.
You worshipped Okawaru.
Okawaru was aware of your devotion.
You visited 2 branches of the dungeon, and saw 8 of its levels.

You collected 1355 gold pieces.
You spent 756 gold pieces at shops.

Inventory:

Hand Weapons
 a - a +1 war axe (weapon)
Missiles
 g - 17 poisoned darts
 t - 8 boomerangs (quivered)
Armour
 c - a +0 buckler (worn)
 f - a +0 pair of boots (worn)
 j - a +2 ring mail of willpower
 m - a +2 plate armour of cold resistance (worn)
 n - a +0 pair of gloves (worn)
Jewellery
 k - an amulet of faith
 r - an amulet of the acrobat
Wands
 l - a wand of iceblast (12)
 v - a wand of flame (42)
 w - a wand of polymorph (14)
Scrolls
 i - a scroll of fog
 x - 2 scrolls of identify
 y - a scroll of enchant armour {unknown}
Potions
 b - 3 potions of mutation
 d - 2 potions of might
 e - a potion of brilliance
 h - a potion of berserk rage {unknown}
 o - a potion of heal wounds
 p - a potion of invisibility {unknown}
 q - 2 potions of lignification
 s - a potion of cancellation
 u - 2 potions of attraction


   Skills:
 + Level 6.3 Fighting
 * Level 8.1 Axes
 + Level 4.2 Throwing
 + Level 6.4 Armour
 + Level 6.5 Shields
 + Level 2.1 Invocations


You had 7 spell levels left.
You didn't know any spells.
Your spell library contained the following spells:

 Spells                   Type           Power      Damage    Failure   Level
 Cigotuvi's Dreadful Rot  Necr/Pois/Air  0%         N/A       100%        2
 Poisonous Vapours        Pois/Air       0%         N/A       100%        2
 Mephitic Cloud           Conj/Pois/Air  0%         N/A       100%        3
 Summon Ice Beast         Ice/Summ       Unusable   N/A       N/A         4
 Summon Mana Viper        Hex/Summ       Unusable   N/A       N/A         5
 Monstrous Menagerie      Summ           Unusable   N/A       N/A         7

Dungeon Overview and Level Annotations

Branches:
Dungeon (7/15)             Temple (1/1) D:6

Altars:
Ashenzari
Cheibriados
Dithmenos
Elyvilon
Fedhas
Gozag
Hepliaklqana
Kikubaaqudgha
Makhleb
Nemelex Xobeh
Okawaru
Qazlal
Ru
Sif Muna
Trog
Uskayaw
Vehumet
Wu Jian
Xom
Yredelemnul
Zin
The Shining One

Shops:
D:2 *   D:5 (?:[?

Annotations:
D:3 2 transporters, holysushi's ghost, amateur DsMo
D:7 Maggie


Innate Abilities, Weirdness & Mutations

You have a pair of horns on your head.
You reflexively headbutt those who attack you in melee.


Message History

The steam dragon breathes steam at you.
The ball of steam hits Maggie.
Maggie completely resists.
The ball of steam hits you.
The steam dragon moves out of view.
Maggie moves out of view.
You are engulfed in a cloud of scalding steam.
There is an open door here.
You are engulfed in a cloud of scalding steam.
You slash Maggie!
Maggie is lightly wounded.
You barely miss the steam dragon.
You are engulfed in a cloud of scalding steam.
Maggie closely misses you. You furiously retaliate!
You headbutt Maggie, but do no damage. The steam dragon bites you.
The steam dragon claws you.
You closely miss Maggie.
Maggie is lightly wounded.
You barely miss the steam dragon.
You are engulfed in a cloud of scalding steam.
Maggie points at you and mumbles some strange words.
The bolt of fire hits you! The steam dragon breathes steam at you.
The ball of steam hits you!
* * * LOW HITPOINT WARNING * * *
You hear a croak.
An orc wizard comes into view. It is wielding a +0 dagger.
You slash Maggie! You headbutt Maggie, but do no damage.
Maggie is moderately wounded.
You hit the steam dragon.
You are engulfed in a cloud of scalding steam.
* * * LOW HITPOINT WARNING * * *
Maggie casts a spell.
Maggie attempts to bespell you!
You are mesmerised by Maggie!
The steam dragon bites you.
* * * LOW HITPOINT WARNING * * *
The steam dragon claws you but does no damage.
You hit Maggie but do no damage.
Maggie is moderately wounded.
You hit the steam dragon. Maggie hits you with a +0 broad axe.
You die...

##.# #..# ##.## ##..#
#..## ### #.## '.##
#.# #o.# #.# #@D# #.#
#@.# #.## ######'##
#..# ##8##...# ####.#
+...'..## ...#.#
#8.8#.#.# .....###
#8.8##### ......>#
#8.8# .......#
##'##########
.....).###...........#


You could see Maggie (mesmerising), a steam dragon (catching breath) and an orc
wizard.

Vanquished Creatures
  A wraith (D:7)
  A steam dragon (D:6)
  2 water moccasins
  An ice beast (D:6)
  A phantom (D:7)
  3 scorpions (D:6)
  7 hounds
  3 orc priests
  3 jellies
  Jessica (D:3)
  Terence (D:3)
  4 orc wizards
  Natasha (thrice) (D:3)
  An iguana (D:5)
  Robin (D:3)
  11 adders
  4 gnolls
  2 white imps
  2 worms (D:4)
  5 dart slugs
  18 orcs
  7 ball pythons
  3 bats
  8 endoplasms
  A giant cockroach (D:4)
  2 hobgoblins (D:3)
  2 jackals (D:5)
  3 quokkas
  2 frilled lizards (D:1)
  15 goblins
  9 kobolds
  2 rats
129 creatures vanquished.

Vanquished Creatures (others)
  6 plants (D:3)
6 creatures vanquished.

Grand Total: 135 creatures vanquished

Notes
Turn   | Place    | Note
-------+----------+-------------------------------------------
     0 | D:1      | bmack86 the Minotaur Fighter began the quest for the Orb.
     0 | D:1      | Reached XP level 1. HP: 19/19 MP: 0/0
   281 | D:1      | Reached XP level 2. HP: 27/27 MP: 1/1
   383 | D:1      | Reached skill level 3 in Axes
   788 | D:2      | Found Afuelet's Assorted Antiques.
   794 | D:2      | Reached XP level 3. HP: 33/33 MP: 2/2
   833 | D:2      | Bought a scroll labelled ONIRID LINLE for 27 gold pieces
   833 | D:2      | Bought a scroll labelled DAVUME JUAREPH for 27 gold pieces
  1169 | D:2      | Found a faded altar of an unknown god.
  1414 | D:2      | Reached XP level 4. HP: 24/40 MP: 3/3
  1685 | D:3      | Reached skill level 1 in Throwing
  1686 | D:3      | Reached skill level 4 in Axes
  1691 | D:3      | Reached XP level 5. HP: 30/47 MP: 4/4
  1844 | D:3      | Found a transporter.
  1844 | D:3      | Found a transporter.
  1865 | D:3      | Noticed holysushi's ghost (amateur DsMo)
  1884 | D:3      | Noticed Natasha
  1890 | D:3      | Killed Natasha
  2004 | D:3      | Noticed Robin
  2010 | D:3      | Killed Robin
  2045 | D:3      | Noticed Jessica
  2048 | D:3      | Killed Jessica
  2102 | D:3      | Identified the +0 leather armour of Mezcal {rF+}
  2110 | D:3      | Noticed Terence
  2119 | D:3      | Killed Terence
  2120 | D:3      | Reached skill level 5 in Axes
  2120 | D:3      | Reached XP level 6. HP: 42/53 MP: 5/5
  2398 | D:3      | Noticed Natasha
  2402 | D:3      | Killed Natasha
  2424 | D:3      | Noticed Natasha
  2435 | D:3      | Killed Natasha
  2816 | D:4      | Reached skill level 5 in Shields
  3347 | D:5      | Entered Level 5 of the Dungeon
  3355 | D:5      | Reached skill level 5 in Fighting
  3355 | D:5      | Reached skill level 5 in Armour
  3363 | D:5      | Found Umyexig's Magic Scroll Shoppe.
  3374 | D:5      | Reached XP level 7. HP: 59/61 MP: 6/6
  3471 | D:5      | Found Niogocze's Antique Armour Boutique.
  3499 | D:5      | Found Fadiwig's Weapon Shop.
  3534 | D:5      | Reached skill level 6 in Axes
  3542 | D:5      | Found Tonox's Book Emporium.
  3628 | D:5      | Found Umideejix's Magic Scroll Emporium.
  4102 | D:6      | Found a staircase to the Ecumenical Temple.
  4128 | Temple   | Entered the Ecumenical Temple
  4220 | Temple   | Became a worshipper of Warmaster Okawaru
  4389 | D:6      | Reached skill level 7 in Axes
  4389 | D:6      | Reached XP level 8. HP: 57/70 MP: 7/7
  4497 | D:6      | Reached skill level 1 in Invocations
  4545 | D:6      | Reached * piety under Okawaru
  4896 | D:7      | Identified a scroll of acquirement
  4896 | D:7      | Acquired 943 gold pieces
  4935 | D:5      | Bought a glowing plate armour for 702 gold pieces
  5297 | D:7      | Reached skill level 8 in Axes
  5453 | D:7      | Found a bloodstained altar of Trog.
  5549 | D:7      | Noticed Maggie
  5554 | D:7      | HP: 1/71 [steam dragon (6)]
  5555 | D:7      | Slain by Maggie

Illustrated notes

Levels and vault maps discovered:
D:1:      dpeg_arrival_short_road, layout_loops_cross
D:2:      layout_loops_ring, serial_shops, nicolae_shop_crystal,
          shapermc_ecumenical_altar_mp_highgroup, grunt_ministairs_10,
          minmay_misc_feat_hallway
D:3:      layout_basic, gammafunk_ghost_gnarly_gnolls, uniq_terence,
          uniq_jessica, uniq_robin, uniq_natasha
D:4:      minmay_general_purpose_star, layout_cave_pools, dk_noncrumbling_3,
          minmay_vboxes
D:5:      layout_gridville, serial_shops, shop, shop_statue, shop,
          nicolae_shop_bloodbath_and_beyond, shop_scrolls, nrook_campfire
D:6:      layout_cave_pools, minmay_temple_entry_offerings
D:7:      minmay_chambers_of_sevens, layout_basic, trog_three_pillars_becter,
          reono_crystal_passage, uniq_duvessa, uniq_maggie
Temple:   nicolae_temple_bog_church

Skill      XL: |  1  2  3  4  5  6  7  8 |
---------------+-------------------------+-----
Axes           | 3 4 5 7 8 |  8.1
Armour         | 4 5 6 |  6.4
Shields        | 4 5 6 |  6.5
Fighting       | 4 5 6 |  6.3
Throwing       | 1 2 3 4 |  4.2
Invocations    | 2 |  2.1

Action                     |  1- 3 |  4- 6 |  7- 9 || total
---------------------------+-------+-------+-------++-------
  Melee: War axe           |    60 |   123 |   111 ||   294
         Headbutt          |     8 |    16 |    24 ||    48
  Throw: Boomerang         |       |       |    29 ||    29
    Use: Scroll            |       |    14 |     3 ||    17
 Armour: Scale mail        |    19 |       |       ||    19
         Ring mail         |     4 |    58 |    46 ||   108
         Plate armour      |       |       |    35 ||    35
  Dodge: Dodged            |    30 |    84 |    34 ||   148
  Block: Buckler           |    16 |    31 |    25 ||    72

Table legend: (Time is in decaauts)
 A = Elapsed time spent in this place.
 B = Non-inter-level travel time spent in this place.
 C = Inter-level travel time spent in this place.
 D = Time resting spent in this place.
 E = Time spent auto-exploring this place.
 F = Levels seen in this place.
 G = Mean time per level.
                   A        B        C        D        E       F      G
               +--------+--------+--------+--------+--------+-----+--------+
         Total |   5663 |   5305 |    358 |    394 |   3375 |   8 |  707.9 |
       Dungeon |   5403 |   5067 |    336 |    394 |   3162 |   7 |  771.9 |
        Temple |    260 |    238 |     22 |      0 |    213 |   1 |  260.0 |
               +--------+--------+--------+--------+--------+-----+--------+

Top non-repeatable levels by time:
     D:3: 1014 daAuts
     D:6: 956 daAuts
     D:2: 926 daAuts
     D:4: 740 daAuts
     D:1: 722 daAuts
     D:5: 656 daAuts
     D:7: 386 daAuts
  Temple: 260 daAuts
